3AAA
HOUSTON BC @ WILMINGTON BAY HAWKS
09/16/2024
 
TOP OF THE 1ST
Houston BC batting - Pitching for Wilmington Bay Hawks : RHP Seong-rae Park
Pitching: RHP Seong-rae Park
Batting: RHB Albert Delgado 0-0: Ball
1-0: Fly out, F7 (Flyball, 7LS)
Batting: RHB Craig Stewart 0-0: Foul Ball, location: 2F
0-1: Ball
1-1: Foul Ball, location: 2F
1-2: Ball
2-2: Ball
3-2: Ground out 4-3 (Groundball, 4)
Batting: LHB Enrique Sánchez 0-0: Foul Ball, location: 2F
0-1: Ground out U3 (Groundball, 3L)
Top of the 1st over - 0 run(s), 0 hit(s), 0 error(s), 0 left on base; Houston 0 - Wilmington 0
BOTTOM OF THE 1ST
Wilmington Bay Hawks batting - Pitching for Houston BC : RHP Arnout Els
Pitching: RHP Arnout Els
Batting: RHB Clarence Therrien 0-0: Called Strike
0-1: Ball
1-1: Foul Ball, location: 2F
1-2: Foul Ball, location: 2F
1-2: Ball
2-2: SINGLE (Groundball, 4D)
Batting: RHB José Ramos 0-0: Ball
1-0: Fly out, F6 (Line Drive, 6)
Batting: RHB Phil Terry 0-0: 2-RUN HOME RUN (Flyball, 8LXD), Distance : 434 ft
Batting: RHB Artie Miller 0-0: Ball
1-0: Swinging Strike
1-1: DOUBLE (Groundball, 5L)
Batting: RHB Raúl Javier Jr. 0-0: Foul Ball, location: 2F
0-1: Ground out 4-3 (Groundball, 4)
Artie Miller to third
Batting: SHB Shawn Sánchez 0-0: Foul Ball, location: 2F
0-1: Ball
1-1: Reached on Error, E8 (Flyball, 8LM)
Artie Miller scores
Batting: RHB Abdul-Fattah bin Najjar 0-0: Called Strike
0-1: Ground out 3-1 (Groundball, 34)
Bottom of the 1st over - 3 run(s), 3 hit(s), 1 error(s), 1 left on base; Houston 0 - Wilmington 3
TOP OF THE 2ND
Houston BC batting - Pitching for Wilmington Bay Hawks : RHP Seong-rae Park
Batting: RHB Alfredo Rivera 0-0: Ball
1-0: Ground out 6-3 (Groundball, 6M)
Batting: RHB Jorge Quezada 0-0: SINGLE (Line Drive, 3)
Batting: RHB Marvin Hayes 0-0: Ball
1-0: Called Strike
1-1: Called Strike
1-2: Strikes out swinging
Batting: RHB Dennis Morrow 0-0: Ball
1-0: Called Strike
1-1: Ball
2-1: Foul Ball, location: 2F
2-2: Foul Ball, location: 2F
2-2: Foul Ball, location: 2F
2-2: Foul Ball, location: 2F
2-2: Ball
3-2: SINGLE (Groundball, 56D) (infield hit)
Jorge Quezada to second
Batting: RHB Bobby Buck 0-0: Foul Ball, location: 2F
0-1: Ball
1-1: Ground out 5-3 (Groundball, 5)
Top of the 2nd over - 0 run(s), 2 hit(s), 0 error(s), 2 left on base; Houston 0 - Wilmington 3
BOTTOM OF THE 2ND
Wilmington Bay Hawks batting - Pitching for Houston BC : RHP Arnout Els
Batting: RHB Jaime Chavarriaga 0-0: Ball
1-0: Fly out, F9 (Line Drive, 9M)
Batting: RHB Daniel Cooper 0-0: Ground out 5-3 (Groundball, 5L)
Batting: RHB Clarence Therrien 0-0: Ball
1-0: Called Strike
1-1: Swinging Strike
1-2: Ball
2-2: Ball
3-2: Ground out 4-3 (Groundball, 4M)
Bottom of the 2nd over - 0 run(s), 0 hit(s), 0 error(s), 0 left on base; Houston 0 - Wilmington 3
TOP OF THE 3RD
Houston BC batting - Pitching for Wilmington Bay Hawks : RHP Seong-rae Park
Batting: RHB Habbo Allaart 0-0: Ball
1-0: Ball
2-0: Swinging Strike
2-1: Ball
3-1: Base on Balls
Batting: RHB Albert Delgado 0-0: Ball
1-0: Ball
2-0: Grounds into double play, 6-4-3 (Groundball, 6M)
Batting: RHB Craig Stewart 0-0: Foul Ball, location: 2F
0-1: Foul Ball, location: 2F
0-2: Foul Ball, location: 2F
0-2: Ground out 5-3 (Groundball, 5L)
Top of the 3rd over - 0 run(s), 0 hit(s), 0 error(s), 0 left on base; Houston 0 - Wilmington 3
BOTTOM OF THE 3RD
Wilmington Bay Hawks batting - Pitching for Houston BC : RHP Arnout Els
Batting: RHB José Ramos 0-0: Ball
1-0: Ball
2-0: Swinging Strike
2-1: Foul Ball, location: 2F
2-2: Strikes out swinging
Batting: RHB Phil Terry 0-0: Ball
1-0: Called Strike
1-1: Swinging Strike
1-2: Fly out, F7 (Line Drive, 7M)
Batting: RHB Artie Miller 0-0: Foul Ball, location: 2F
0-1: Ball
1-1: Foul Ball, location: 2F
1-2: Foul Ball, location: 2F
1-2: Fly out, F3 (Popup, 4S)
Bottom of the 3rd over - 0 run(s), 0 hit(s), 0 error(s), 0 left on base; Houston 0 - Wilmington 3
TOP OF THE 4TH
Houston BC batting - Pitching for Wilmington Bay Hawks : RHP Seong-rae Park
Batting: LHB Enrique Sánchez 0-0: Ball
1-0: Swinging Strike
1-1: Ball
2-1: Ball
3-1: SINGLE (Groundball, 56D)
Batting: RHB Alfredo Rivera 0-0: Foul Ball, location: 2F
0-1: Called Strike
0-2: Ball
1-2: Strikes out looking
Batting: RHB Jorge Quezada 0-0: Ball
1-0: Ball
2-0: Ball
3-0: Called Strike
3-1: Reached on Error, E7 (Flyball, 78M)
Enrique Sánchez to second
Batting: RHB Marvin Hayes 0-0: Ball
1-0: Foul Ball, location: 2F
1-1: Swinging Strike
1-2: Strikes out swinging
Batting: RHB Dennis Morrow 0-0: Ball
1-0: Called Strike
1-1: Ball
2-1: Swinging Strike
2-2: Strikes out swinging
Top of the 4th over - 0 run(s), 1 hit(s), 1 error(s), 2 left on base; Houston 0 - Wilmington 3
BOTTOM OF THE 4TH
Wilmington Bay Hawks batting - Pitching for Houston BC : RHP Arnout Els
Batting: RHB Raúl Javier Jr. 0-0: Swinging Strike
0-1: SINGLE (Groundball, 4M)
Batting: SHB Shawn Sánchez 0-0: Called Strike
0-1: Fly out, F7 (Flyball, 7M)
Batting: RHB Abdul-Fattah bin Najjar 0-0: Called Strike
0-1: Fly out, F9 (Flyball, 89M)
Batting: RHB Jaime Chavarriaga 0-0: Swinging Strike
0-1: Called Strike
0-2: Ball
1-2: Foul Ball, location: 2F
1-2: Fly out, F5 (Line Drive, 56)
Bottom of the 4th over - 0 run(s), 1 hit(s), 0 error(s), 1 left on base; Houston 0 - Wilmington 3
TOP OF THE 5TH
Houston BC batting - Pitching for Wilmington Bay Hawks : RHP Seong-rae Park
Batting: RHB Bobby Buck 0-0: Ground out 4-3 (Groundball, 34)
Batting: RHB Habbo Allaart 0-0: Fly out, F8 (Line Drive, 8LS)
Batting: RHB Albert Delgado 0-0: Ball
1-0: Ball
2-0: Foul Ball, location: 2F
2-1: Fly out, F7 (Flyball, 7LM)
Top of the 5th over - 0 run(s), 0 hit(s), 0 error(s), 0 left on base; Houston 0 - Wilmington 3
BOTTOM OF THE 5TH
Wilmington Bay Hawks batting - Pitching for Houston BC : RHP Arnout Els
Batting: RHB Daniel Cooper 0-0: Ball
1-0: Called Strike
1-1: Swinging Strike
1-2: Ground out 5-3 (Groundball, 56S)
Batting: RHB Clarence Therrien 0-0: Ball
1-0: Called Strike
1-1: Swinging Strike
1-2: Foul Ball, location: 2F
1-2: Foul Ball, location: 2F
1-2: Strikes out swinging
Batting: RHB José Ramos 0-0: Fly out, F7 (Flyball, 78S)
Bottom of the 5th over - 0 run(s), 0 hit(s), 0 error(s), 0 left on base; Houston 0 - Wilmington 3
TOP OF THE 6TH
Houston BC batting - Pitching for Wilmington Bay Hawks : RHP Seong-rae Park
Batting: RHB Craig Stewart 0-0: Swinging Strike
0-1: Called Strike
0-2: Strikes out swinging
Batting: LHB Enrique Sánchez 0-0: Swinging Strike
0-1: Ball
1-1: Foul Ball, location: 2F
1-2: Ball
2-2: Fly out, F7 (Flyball, 7D)
Batting: RHB Alfredo Rivera 0-0: Ball
1-0: Ball
2-0: Ball
3-0: Called Strike
3-1: Base on Balls
Batting: RHB Jorge Quezada 0-0: Called Strike
0-1: SINGLE (Line Drive, 7LS)
Alfredo Rivera to second
Batting: RHB Marvin Hayes 0-0: Called Strike
0-1: Ball
1-1: Called Strike
1-2: Strikes out swinging
Top of the 6th over - 0 run(s), 1 hit(s), 0 error(s), 2 left on base; Houston 0 - Wilmington 3
BOTTOM OF THE 6TH
Wilmington Bay Hawks batting - Pitching for Houston BC : RHP Arnout Els
Batting: RHB Phil Terry 0-0: Ball
1-0: Foul Ball, location: 2F
1-1: Fly out, F4 (Popup, 4M)
Batting: RHB Artie Miller 0-0: Foul Ball, location: 2F
0-1: Swinging Strike
0-2: Ball
1-2: Strikes out swinging
Batting: RHB Raúl Javier Jr. 0-0: Ground out 4-3 (Groundball, 4M)
Bottom of the 6th over - 0 run(s), 0 hit(s), 0 error(s), 0 left on base; Houston 0 - Wilmington 3
TOP OF THE 7TH
Houston BC batting - Pitching for Wilmington Bay Hawks : RHP Seong-rae Park
Batting: RHB Dennis Morrow 0-0: Called Strike
0-1: Called Strike
0-2: Ball
1-2: Foul Ball, location: 2F
1-2: Ball
2-2: Strikes out looking
Batting: RHB Bobby Buck 0-0: Fly out, F7 (Flyball, 7D)
Batting: RHB Habbo Allaart 0-0: Called Strike
0-1: Ball
1-1: Ball
2-1: Ball
3-1: Base on Balls
Batting: RHB Albert Delgado 0-0: Ball
Habbo Allaart steals 2nd base
1-0: Swinging Strike
1-1: Ball
2-1: Foul Ball, location: 2F
2-2: Strikes out swinging
Top of the 7th over - 0 run(s), 0 hit(s), 0 error(s), 1 left on base; Houston 0 - Wilmington 3
BOTTOM OF THE 7TH
Wilmington Bay Hawks batting - Pitching for Houston BC : RHP Arnout Els
Batting: SHB Shawn Sánchez 0-0: Fly out, F5 (Popup, 5F)
Batting: RHB Abdul-Fattah bin Najjar 0-0: Ground out 6-3 (Groundball, 6M)
Batting: RHB Jaime Chavarriaga 0-0: Called Strike
0-1: Foul Ball, location: 2F
0-2: Strikes out looking
Bottom of the 7th over - 0 run(s), 0 hit(s), 0 error(s), 0 left on base; Houston 0 - Wilmington 3
TOP OF THE 8TH
Houston BC batting - Pitching for Wilmington Bay Hawks : RHP Seong-rae Park
Batting: RHB Craig Stewart 0-0: Called Strike
0-1: Called Strike
0-2: Strikes out swinging
Pitching: RHP Jen-djieh Si
Batting: LHB Enrique Sánchez 0-0: Called Strike
0-1: Ball
1-1: Fly out, F5 (Popup, 5)
Batting: RHB Alfredo Rivera 0-0: Ball
1-0: Swinging Strike
1-1: Called Strike
1-2: Foul Ball, location: 2F
1-2: Ball
2-2: Foul Ball, location: 2F
2-2: Fly out, F9 (Line Drive, 9S)
Top of the 8th over - 0 run(s), 0 hit(s), 0 error(s), 0 left on base; Houston 0 - Wilmington 3
BOTTOM OF THE 8TH
Wilmington Bay Hawks batting - Pitching for Houston BC : RHP Arnout Els
Batting: RHB Daniel Cooper 0-0: Ground out 4-3 (Groundball, 4M)
Batting: RHB Clarence Therrien 0-0: Fly out, F9 (Flyball, 89M)
Batting: RHB José Ramos 0-0: Ball
1-0: Ball
2-0: Foul Ball, location: 2F
2-1: SINGLE (Line Drive, 56D)
Batting: RHB Phil Terry 0-0: Called Strike
0-1: Ball
1-1: Ball
2-1: Fielders Choice at 2nd, 6-4 (Groundball, 4MS)
Bottom of the 8th over - 0 run(s), 1 hit(s), 0 error(s), 0 left on base; Houston 0 - Wilmington 3
TOP OF THE 9TH
Houston BC batting - Pitching for Wilmington Bay Hawks : RHP Jen-djieh Si
Pitching: RHP Chris Schaefer
Batting: RHB Jorge Quezada 0-0: Ball
1-0: Called Strike
1-1: Fly out, F7 (Line Drive, 78M)
Batting: RHB Marvin Hayes 0-0: Called Strike
0-1: Ball
1-1: Called Strike
1-2: Foul Ball, location: 2F
1-2: Reached on error, E2 (Groundball, 23)
Batting: RHB Dennis Morrow 0-0: Ball
1-0: Fly out, F9 (Flyball, 89M)
Batting: RHB Bobby Buck 0-0: Ball
1-0: Foul Ball, location: 2F
1-1: Swinging Strike
1-2: Ball
2-2: Ground out 4-3 (Groundball, 4M)
Top of the 9th over - 0 run(s), 0 hit(s), 1 error(s), 1 left on base; Houston 0 - Wilmington 3
This league is powered by Out of the Park Baseball, the baseball management simulation game for PC, Mac and Linux
Monday, October 3rd, 2016 - OOTP Baseball 16.9 Build 39